 Dungeon Crawl Stone Soup version 0.30-a0-772-g5528072125 (webtiles) character file.

Game seed: 14617376845202473169

2319 tilp the Carver (level 10, 0/75 (84) HPs)
             Began as a Meteoran Fighter on Feb 12, 2023.
             Slain by a wight
             ... wielding a +7 flail
              (3 damage)
             ... on level 8 of the Dungeon.
             The game lasted 00:16:05 (3512 turns).

tilp the Carver (Meteoran Fighter)                  Turns: 3512, Time: 00:16:06

HP:   0/75 (84)     AC: 13    Str: 18    XL:     10   Next: 0%
MP:   11/11         EV:  7    Int: 10    God:
Gold: 121           SH:  5    Dex: 18    Spells: 9/9 levels left

rFire   . . .      SeeInvis .    a - +1 long sword
rCold   . . .      Faith    .    c - +0 buckler
rNeg    . . .      Spirit   .    k - +0 plate armour
rPois   .          Reflect  .    n - +0 helmet
rElec   .          Harm     .    (no cloak)
rCorr   .          Rampage  .    (no gloves)
Will    +....                    (no boots) Stlth
                                 (no amulet)
HPRegen 0.32/turn                (no ring)
MPRegen 0.12/turn                (no ring)

@: hasted, glowing, heavily drained, very quick
A: sense surroundings 2, otherworldly, glowing, explore regen
a: no special abilities


You were on level 8 of the Dungeon.
You visited 2 branches of the dungeon, and saw 9 of its levels.

You collected 305 gold pieces.
You spent 184 gold pieces at shops.

Inventory:

Hand Weapons
 a - a +1 long sword (weapon)
 b - a +0 dagger of holy wrath
 q - a +3 broad axe of flaming
Missiles
 d - 2 silver boomerangs
 g - a throwing net
 A - 2 poisoned darts (quivered)
Armour
 c - a +0 buckler (worn)
 h - a +0 chain mail
 k - a +0 plate armour (worn)
 n - a +0 helmet (worn)
Wands
 o - a wand of roots (4)
 x - a wand of acid (7)
 z - a wand of flame (12)
Scrolls
 p - a scroll of amnesia
 r - 2 scrolls of identify
 t - a scroll of enchant weapon
 u - a scroll of fog
 w - 2 scrolls of magic mapping
 y - a scroll of teleportation
 B - a scroll of silence
Potions
 e - 5 potions of magic
 f - 2 potions of curing
 i - 2 potions of flight
 j - 2 potions of haste
 m - 4 potions of mutation
 s - a potion of attraction
 v - 2 potions of heal wounds
 C - a potion of berserk rage {unknown}


   Skills:
 * Level 6.4 Fighting
 * Level 8.1 Long Blades
 + Level 3.5 Throwing
 + Level 5.5 Armour
 + Level 5.5 Dodging
 - Level 4.0 Stealth
 - Level 4.0 Shields
 + Level 3.5 Evocations


You had 9 spell levels left.
You didn't know any spells.
Your spell library was empty.

Dungeon Overview and Level Annotations

Branches:
Dungeon (8/15) Zot: 1342   Temple (1/1) D:4 Zot: 445
   Lair: D:8-11

Altars:
Ashenzari
Cheibriados
Dithmenos
Elyvilon
Fedhas
Gozag
Hepliaklqana
Makhleb
Nemelex Xobeh
Qazlal
Ru
Sif Muna
Trog
Uskayaw
Wu Jian
Xom
Zin
The Shining One

Shops:
D:2 *   D:4 :


Innate Abilities, Weirdness & Mutations

You passively map the area around you.
You are easily found by Zot.
You glow in the dark.
You regain HP and MP as you explore.


Message History

You hit the wight.
You destroy the wight!
The wight hits you but does no damage.
Things that are here:
a +1 halberd of freezing; a +0 robe You hit the wight but do no damage.
The wight closely misses you.
You slash the wight!
The wight is severely damaged.
The wight hits you with a +0 spear.
* * * LOW HITPOINT WARNING * * *
You closely miss the wight.
The wight is severely damaged.
You hit the wight.
The wight is almost destroyed.
The wight hits you but does no damage.
You slash the wight!
You destroy the wight!
You have reached level 10!
You hit the wight but do no damage. You closely miss the wight.
The wight hits you with a +7 flail!
* * * LOW HITPOINT WARNING * * *
You feel drained.
* * * LOW HITPOINT WARNING * * *
You slash the wight!
The wight is heavily damaged.
The wight completely misses you.
You hit the wight but do no damage.
The wight is heavily damaged.
The wight hits you with a +7 flail!
* * * LOW HITPOINT WARNING * * *
You feel drained.
* * * LOW HITPOINT WARNING * * *
You slash the wight!
The wight is almost destroyed.
You closely miss the wight.
The wight is almost destroyed.
The wight hits you with a +7 flail!
* * * LOW HITPOINT WARNING * * *
You feel drained.
You die...

, ,+z........ ,
#.....#..# , ~ *,
#........ * , , *
#...#.#.# * ~ , ,,
#...#?#.####### , ,
##.............#
*,#####.......z.......*
,,,...........#z#.#####
##.......#@# # * ,
#.####.......#)#, , *
.#........(...#.# * ,
.....##.......#........
#....<#####.###.#####
.......## #.# .# *
.#.#... *** *.# #
,...... ..,, * *...#...
* * ,


You could see 2 wights.

Vanquished Creatures
  Maggie (D:6)
  Sigmund (D:4)
  A shadow (D:7)
  A steam dragon (D:6)
  A sky beast (D:7)
  A black bear (D:6)
  An ice beast (D:5)
  A phantom (D:5)
  A bullfrog (D:6)
  3 scorpions
  3 wights (D:8)
  4 jellies
  4 hounds
  3 orc priests
  Ijyb (D:5)
  2 iguanas
  8 orc wizards
  Natasha (thrice) (D:3)
  Robin (D:3)
  9 adders
  A white imp (D:6)
  2 ufetubi
  2 worms
  2 dart slugs
  16 orcs
  5 ball pythons
  A bat (D:1)
  5 endoplasms
  5 giant cockroaches
  4 hobgoblins
  9 jackals
  2 frilled lizards (D:1)
  14 goblins
  A goblin skeleton (D:7)
  2 rats
121 creatures vanquished.

Notes
Turn   | Place    | Note
-------+----------+-------------------------------------------
     0 | D:1      | tilp the Meteoran Fighter began the quest for the Orb.
     0 | D:1      | Reached XP level 1. HP: 19/19 MP: 2/2
    63 | D:1      | Reached XP level 2. HP: 16/26 MP: 3/3
   165 | D:1      | Reached XP level 3. HP: 27/31 MP: 4/4
   209 | D:2      | Reached skill level 1 in Dodging
   316 | D:2      | Found Faoqou's Assorted Antiques.
   389 | D:4      | Noticed a scorpion
   399 | D:4      | Killed a scorpion
   400 | D:4      | Reached skill level 3 in Long Blades
   400 | D:4      | Reached skill level 1 in Stealth
   400 | D:4      | Reached XP level 4. HP: 27/39 MP: 5/5
   400 | D:4      | Reached XP level 5. HP: 31/45 MP: 6/6
   408 | D:4      | Found a staircase to the Ecumenical Temple.
   497 | Temple   | Entered the Ecumenical Temple
   738 | D:3      | Noticed Natasha
   744 | D:3      | Killed Natasha
   745 | D:3      | Reached skill level 4 in Long Blades
   745 | D:3      | Reached XP level 6. HP: 28/52 MP: 7/7
   928 | D:3      | Noticed Natasha
   938 | D:3      | Killed Natasha
  1095 | D:4      | Noticed Robin
  1117 | D:3      | Killed Robin
  1158 | D:3      | Noticed Natasha
  1169 | D:3      | Killed Natasha
  1322 | D:4      | Reached XP level 7. HP: 57/59 MP: 8/8
  1369 | D:5      | Entered Level 5 of the Dungeon
  1382 | D:4      | Reached skill level 5 in Long Blades
  1517 | D:4      | Noticed Sigmund
  1528 | D:4      | Killed Sigmund
  1529 | D:4      | Reached skill level 6 in Long Blades
  1535 | D:4      | Reached XP level 8. HP: 54/66 MP: 9/9
  1554 | D:5      | Reached skill level 1 in Throwing
  1554 | D:5      | Reached skill level 1 in Evocations
  1571 | D:4      | Found Qodiav's Book Shoppe.
  2192 | D:5      | Reached skill level 5 in Fighting
  2304 | D:5      | Noticed Ijyb
  2330 | D:5      | Killed Ijyb
  2506 | D:6      | Reached skill level 7 in Long Blades
  2510 | D:6      | Gained mutation: You passively map the area around you.
                  | [Meteoran growth]
  2510 | D:6      | Reached XP level 9. HP: 73/74 MP: 10/10
  2539 | D:7      | Noticed Maggie
  2551 | D:6      | Killed Maggie
  2552 | D:6      | Reached skill level 5 in Armour
  2579 | D:6      | Reached skill level 5 in Dodging
  2931 | D:2      | Bought a scroll labelled FEIMIO MANWIQE for 28 gold pieces
  2931 | D:2      | Bought a scroll labelled SEEDIG XAIS for 28 gold pieces
  2931 | D:2      | Bought a scroll labelled RITHUSH CALUN for 28 gold pieces
  2931 | D:2      | Bought 2 bubbling dark potions for 50 gold pieces
  2931 | D:2      | Bought a glowing green potion for 25 gold pieces
  2931 | D:2      | Bought a coppery potion for 25 gold pieces
  3451 | D:7      | Reached skill level 8 in Long Blades
  3507 | D:8      | Reached XP level 10. HP: 32/81 MP: 11/11
  3512 | D:8      | HP: 3/77 [wight/+7 flail (10)]
  3512 | D:8      | Slain by a wight

Illustrated notes

Levels and vault maps discovered:
D:1:      psy_arrival_conway, layout_rooms
D:2:      layout_rooms, serial_shops, shop
D:3:      layout_loops_ring, uniq_natasha
D:4:      layout_loops_ring, minmay_temple_entry_crystal_x, serial_shops,
          nicolae_diamond_shop, uniq_robin, uniq_sigmund
D:5:      layout_basic, uniq_ijyb
D:6:      layout_cave_pods, st_stairs_10
D:7:      layout_cave_pools, dk_yredelemnul_ordeal, ebering_ghost_disaster_area,
          minmay_small_thing, uniq_maggie
D:8:      layout_basic, kiku_gazebo_pond_becter, nicolae_overflow_hidden_temple,
          kennysheep_big_empty_room, hangedman_decor_lopped
Temple:   mainiacjoe_temple_bowtie_tessellation

Skill      XL: |  1  2  3  4  5  6  7  8  9 |
---------------+----------------------------+-----
Dodging        | 2 3 4 5 |  5.5
Long Blades    | 3 4 6 7 8 |  8.1
Armour         | 4 5 |  5.5
Stealth        | 1 2 3 4 |  4.0
Shields        | 4 |  4.0
Fighting       | 4 5 6 |  6.4
Throwing       | 2 3 |  3.5
Evocations     | 2 3 |  3.5

Action                     |  1- 3 |  4- 6 |  7- 9 | 10-12 || total
---------------------------+-------+-------+-------+-------++-------
  Melee: Long sword        |   113 |   148 |   299 |     6 ||   566
  Throw: Dart              |       |       |     2 |       ||     2
  Evoke: Wand              |       |       |     2 |       ||     2
    Use: Scroll            |     3 |     1 |     9 |       ||    13
         Potion            |     1 |     1 |     4 |       ||     6
 Armour: Scale mail        |    75 |    35 |       |       ||   110
         Plate armour      |       |    30 |   182 |       ||   212
         Chain mail        |       |    13 |       |       ||    13
  Dodge: Dodged            |    48 |    39 |    61 |     1 ||   149
  Block: Buckler           |    31 |    51 |    50 |       ||   132

Table legend: (Time is in decaauts)
 A = Elapsed time spent in this place.
 B = Non-inter-level travel time spent in this place.
 C = Inter-level travel time spent in this place.
 D = Time resting spent in this place.
 E = Time spent auto-exploring this place.
 F = Levels seen in this place.
 G = Mean time per level.
                   A        B        C        D        E       F      G
               +--------+--------+--------+--------+--------+-----+--------+
         Total |   3612 |   3018 |    594 |      3 |      0 |   9 |  401.3 |
       Dungeon |   3457 |   2880 |    577 |      3 |      0 |   8 |  432.1 |
        Temple |    154 |    137 |     17 |      0 |      0 |   1 |  154.0 |
               +--------+--------+--------+--------+--------+-----+--------+

Top non-repeatable levels by time:
     D:5: 765 daAuts
     D:6: 700 daAuts
     D:4: 665 daAuts
     D:3: 628 daAuts
     D:2: 254 daAuts
     D:1: 252 daAuts
  Temple: 154 daAuts
     D:7: 147 daAuts
     D:8: 42 daAuts
